 Dungeon Crawl Stone Soup version 0.29.1-2-gbd0b4ee654 (webtiles) character file.

Game seed: 13094494012182229716

322 DildoBatman the Conjurer (level 6, -1/38 (41) HPs)
             Began as a Formicid Conjurer on Nov 3, 2022.
             Slain by a wight
             ... wielding a +3 flail
              (5 damage)
             ... on level 4 of the Dungeon.
             The game lasted 00:08:02 (3345 turns).

DildoBatman the Conjurer (Formicid Conjurer)        Turns: 3345, Time: 00:08:02

HP:   -1/38 (41)    AC:  4    Str: 12    XL:     6   Next: 76%
MP:   9/9           EV: 12    Int: 20    God:
Gold: 180           SH:  5    Dex: 18    Spells: 0/9 levels left

rFire   . . .      SeeInvis +   a - +6 sling of Ohikhyoz {vorpal, Int+3 Dex+4}
rCold   . . .      Faith    .   (no shield)
rNeg    . . .      Spirit   .   o - +0 robe
rPois   .          Reflect  +   (helmet unavailable)
rElec   .          Harm     .   A - +0 cloak
rCorr   .          Rampage  .   l - +0 pair of gloves
Will    .....                   (no boots)
Stlth   ++........              g - amulet of reflection
HPRegen 0.12/turn               (no ring)
MPRegen 0.11/turn               (no ring)

@: drained
A: permanent stasis, dig shafts and tunnels, antennae 3, four strong arms
a: Dig, Shaft Self


You were on level 4 of the Dungeon.
You visited 1 branch of the dungeon, and saw 5 of its levels.

You collected 180 gold pieces.

Inventory:

Hand Weapons
 a - the +6 sling of Ohikhyoz (weapon) {vorpal, Int+3 Dex+4}
   (You found it on level 2 of the Dungeon)

   Any ammunition fired from it inflicts extra damage upon your enemies.
   Int:       It affects your intelligence (+3).
   Dex:       It affects your dexterity (+4).
Missiles
 c - 38 stones (quivered)
 m - 8 javelins
Armour
 l - a +0 pair of gloves (worn)
 o - a +0 robe (worn)
 A - a +0 cloak (worn)
 D - a +2 buckler
Magical Staves
 b - a staff of conjuration
Jewellery
 g - an amulet of reflection (around neck)
Wands
 u - a wand of roots (10)
 v - a wand of acid (5)
Scrolls
 d - 2 scrolls of fear {unknown}
 f - 2 scrolls of teleportation {unknown}
 k - 4 scrolls of enchant armour {unknown}
 p - 4 scrolls of identify {unknown}
 q - 2 scrolls of vulnerability {unknown}
 s - a scroll of noise {unknown}
 t - a scroll of poison {unknown}
 w - a scroll of butterflies {unknown}
 y - a scroll of immolation {unknown}
Potions
 e - 4 potions of curing {unknown}
 h - a potion of cancellation {unknown}
 i - a potion of magic
 j - a potion of mutation {unknown}
 n - 2 potions of brilliance {unknown}
 r - a potion of ambrosia {unknown}
 x - a potion of might {unknown}
 z - a potion of lignification {unknown}
 B - a potion of resistance {unknown}
 C - 2 potions of berserk rage {unknown}


   Skills:
 * Level 2.6 Ranged Weapons
 - Level 1.7 Dodging
 - Level 2.4 Stealth
 * Level 0.9 Shields
 - Level 2.1 Spellcasting
 * Level 5.4 Conjurations
 * Level 2.8 Fire Magic
 * Level 0.3 Air Magic
 * Level 0.9 Poison Magic


You couldn't memorise any spells.
You knew the following spells:

 Your Spells              Type           Power      Damage    Failure   Level
a - Searing Ray           Conj           46%        2d6       2%          2
b - Conjure Flame         Conj/Fire      18%        6-21      9%          3
c - Magic Dart            Conj           92%        1d7       1%          1
d - Mephitic Cloud        Conj/Pois/Air  11%        N/A       19%         3

Your spell library contained the following spells:

 Spells                   Type           Power      Damage    Failure   Level
 Summon Small Mammal      Summ           8%         N/A       16%         1
 Dazzling Flash           Conj/Hex       26%        N/A       16%         3
 Ignite Poison            Fire/Tmut/Pois 7%         N/A       28%         3
 Sticky Flame             Conj/Fire      18%        2d4       28%         4
 Call Canine Familiar     Summ           2%         N/A       43%         3
 Frozen Ramparts          Ice            4%         1d1       43%         3
 Summon Guardian Golem    Hex/Summ       2%         N/A       43%         3
 Fulminant Prism          Conj/Hex       6%         3d7       45%         4
 Iskenderun's Mystic Bla  Conj/Tloc      13%        2d5       45%         4
 Ice Form                 Ice/Tmut       2%         N/A       83%         4
 Summon Ice Beast         Ice/Summ       2%         N/A       83%         4
 Freezing Cloud           Conj/Ice/Air   4%         6-21      89%         5


Dungeon Overview and Level Annotations

Branches:
Dungeon (5/15)
 Temple: D:4-7

Altars:

Shops:
D:2 (

Annotations:
D:4 Sigmund


Innate Abilities, Weirdness & Mutations

You cannot be hasted, slowed, berserked, paralysed or teleported.
You can dig through walls and to a lower floor.
You have a pair of large antennae on your head. (SInv)
Your four strong arms can wield two-handed weapons with a shield.


Message History

p - 4 scrolls labelled DEIGRUD EPOSI (gained 1)
Found a stone staircase leading down.
You extend your mandibles.
You retract your mandibles.
There is an open door here.
There is an open door here.
You see here a +0 short sword.
You see here a +0 short sword.
There is a stone staircase leading up here.
You see here a +2 barding.
You see here a +0 short sword.
Done exploring.
Done exploring.
There is an open door here.
There is an open door here.
There is a stone staircase leading down here.
Search for what [Enter for "."]?
You climb downwards.
You hear the sound of rushing water.
There is an entrance to a sewer on this level.
Hurry and find it before the portal rusts away!
Found 22 gold pieces.
There is a stone staircase leading up here.
You shoot a sling bullet. The sling bullet hits the wight.
The wight is lightly damaged.
The orc shouts!
The wight hits you but does no damage. The wight closely misses you.
The wight misses you. You block the wight's attack.
The wight hits you from afar with a +5 halberd of freezing!!
You feel drained. The wight freezes you.
You climb upwards.
Level annotation: Sigmund
There is a stone staircase leading down here.
The wight attacks as you move away! The wight hits you with a +3 flail!
You feel drained.
You die...

# ##...## ##...#.# #.#
#....# # ##'##
##......####.# #[...# #
#.# #.........##.# ##...#
# #.# ##......#.##.#
##.##
#######.######...#.#.##.#
#.#
#...............##......#
#.##
#.###.....#####.####.####
#.#. #.#
##....#####.####.# #.#.
#.#####.#.#....z@z...#
#...
......#.#.#.###.######
###. #.###[......###.# #.
#...............# #.
#######)######### ## ####
#.############## ...#
#..............# ##.#
#..#####.#####.# #.# #..#
#.# #.# ##


You could see 2 wights.

Vanquished Creatures
  A phantom (D:3)
  A scorpion (D:4)
  A jelly (D:4)
  4 gnolls (D:4)
  3 adders
  6 dart slugs
  5 orcs (D:4)
  4 bats
  4 endoplasms
  3 giant cockroaches
  7 goblins
  7 hobgoblins
  2 kobolds
  4 quokkas
  9 ball pythons
  3 frilled lizards
  13 rats
77 creatures vanquished.

Notes
Turn   | Place    | Note
-------+----------+-------------------------------------------
     0 | D:1      | DildoBatman the Formicid Conjurer began the quest for the
                  | Orb.
     0 | D:1      | Reached XP level 1. HP: 13/13 MP: 3/3
   228 | D:1      | Reached XP level 2. HP: 19/19 MP: 1/5
   232 | D:1      | Learned a level 2 spell: Searing Ray
   242 | D:1      | Reached skill level 4 in Conjurations
   420 | D:1      | Found a faded altar of an unknown god.
   693 | D:1      | Reached XP level 3. HP: 24/24 MP: 4/6
   699 | D:1      | Learned a level 3 spell: Conjure Flame
  1444 | D:2      | Identified the +6 sling of Ohikhyoz {vorpal, Int+3 Dex+4}
  1565 | D:2      | Found Rosalaul's Weapon Shoppe.
  1810 | D:3      | Reached XP level 4. HP: 30/30 MP: 5/7
  1907 | D:3      | Reached skill level 1 in Fire Magic
  2120 | D:3      | Reached skill level 1 in Ranged Weapons
  2157 | D:3      | Noticed a phantom
  2163 | D:3      | Killed a phantom
  2164 | D:3      | Reached skill level 5 in Conjurations
  2164 | D:3      | Reached XP level 5. HP: 35/35 MP: 2/8
  2312 | D:4      | Reached XP level 6. HP: 41/41 MP: 3/9
  2530 | D:4      | Learned a level 3 spell: Mephitic Cloud
  2742 | D:4      | Noticed Sigmund
  3341 | D:5      | Entered Level 5 of the Dungeon
  3345 | D:4      | Slain by a wight

Illustrated notes

Levels and vault maps discovered:
D:1:      dpeg_arrival_prison, layout_loops_corners,
          hellmonk_ecumenical_altar_arch_garden
D:2:      layout_loops_ring, serial_shops, shop_fountains
D:3:      minmay_general_purpose_star, layout_basic, due_unseen_surprise
D:4:      layout_loops_corners, uniq_sigmund
D:5:      layout_loops_ring, gup_sewer_entry_spiral, kennysheep_minor_cross

Skill      XL: |  1  2  3  4  5 |
---------------+----------------+-----
Conjurations   | 4 5 |  5.4
Fire Magic     | 2 |  2.8
Ranged Weapons | 1 2 |  2.6
Dodging        | |  1.7
Stealth        | |  2.4
Shields        | |  0.9
Spellcasting   | |  2.1
Air Magic      | |  0.3
Poison Magic   | |  0.9

Action                   |  1- 3 |  4- 6 || total
-------------------------+-------+-------++-------
Melee: Unarmed           |     7 |       ||     7
       Short sword       |     2 |       ||     2
       Mace              |     3 |       ||     3
 Fire: Sling             |     1 |    31 ||    32
 Cast: Magic Dart        |    51 |    23 ||    74
       Searing Ray       |     2 |     8 ||    10
 Abil: Dig               |       |     2 ||     2
 Stab: Sleeping          |     1 |       ||     1
Armor: Robe              |     6 |     4 ||    10
Dodge: Dodged            |    10 |    10 ||    20
Block: Other             |       |     3 ||     3
